 Dungeon Crawl Stone Soup version 0.14-a0-848-g57a047c (webtiles) character file.

1296 4tharraofdagon the Chopper (level 8, -2/67 HPs)
             Began as a White Draconian Gladiator on Nov 14, 2013.
             Was a Follower of Makhleb.
             Killed from afar by a manticore (5 damage)
             ... with a volley of spikes
             ... on Level 11 of the Dungeon.
             The game lasted 00:18:43 (2816 turns).

4tharraofdagon the Chopper (DrGl)                   Turns: 2816, Time: 00:18:44

HP  -2/67        AC  7     Str 19      XL: 8   Next:  4%
MP  11/11        EV 12     Int 10      God: Makhleb [*.....]
Gold 258         SH  0     Dex 11      Spells:  0 memorised, 11 levels left

Res.Fire  : . . .   See Invis. : +   l - +0,+2 orc hand axe
Res.Cold  : + . .   Warding    : .   (armour unavailable)
Life Prot.: . . .   Conserve   : .   (no shield)
Res.Poison: .       Res.Corr.  : .   c - +0 cap
Res.Elec. : .       Clarity    : .   b - +0 cloak (curse)
Sust.Abil.: . .     Spirit.Shd : .   (no gloves)
Res.Mut.  : .       Stasis     : .   (no boots)
Res.Rott. : .       Flight     : .   (no amulet)
Saprovore : . . .                    (no ring)
                                     (no ring)

@: about to teleport, very slightly contaminated, slightly resistant to hostile
enchantments, unstealthy
A: breathe frost, unfitting armour, see invisible, cold resistance 1, AC +6
a: Breathe Frost, Renounce Religion


You were on level 11 of the Dungeon.
You worshipped Makhleb.
Makhleb was aware of your devotion.
You were not hungry.

You visited 2 branches of the dungeon, and saw 12 of its levels.

You collected 258 gold pieces.

Inventory:

Hand weapons
 a - a +0,+0 hand axe
 l - a +0,+2 orcish hand axe (weapon)
Missiles
 z - 11 darts of frost (quivered)
Armour
 b - a cursed +0 cloak (worn)
 c - a +0 cap (worn)
 d - a +0 fire dragon armour
Magical devices
 u - a wand of enslavement (0)
 C - a wand of draining (0)
 D - a wand of polymorph (11)
 E - a wand of hasting (9)
Comestibles
 f - 3 bread rations
 m - 5 meat rations
 A - 2 chunks of orc flesh
Scrolls
 e - 2 scrolls of enchant weapon II
 g - 2 scrolls of enchant weapon I
 j - a scroll of recharging
 n - a scroll of random uselessness
 o - a scroll of curse jewellery {unknown}
 q - a scroll of noise
 r - 2 scrolls of identify
 w - 2 scrolls of remove curse {unknown}
Potions
 s - a potion of curing
 v - a potion of magic
 F - 2 potions of cure mutation
Books
 x - a book of Debilitation

   Spells                             Type                      Level
   Corona                             Hexes                        1
   Slow                               Hexes                        2
   Inner Flame                        Hexes/Fire                   3
   Enslavement                        Hexes                        4
   Cause Fear                         Hexes                        4
   Leda's Liquefaction                Hexes/Earth                  4


   Skills:
 + Level 5.1 Fighting
 * Level 7.4 Axes
 - Level 1.7 Throwing
 - Level 2.6 Dodging
 + Level 2.4 Spellcasting
 + Level 3.7 Evocations


You had 11 spell levels left.
You didn't know any spells.

Dungeon Overview and Level Annotations

Branches:
Dungeon (11/16)            Temple (1/1) D:5
    Orc: D:6-11        Lair: D:8-13

Altars:
Cheibriados
Elyvilon
Makhleb
Xom

Shops:
D:11 *

Annotations:
D:5 Menkaure
D:6 MirrMurr's ghost, average SpEn


Innate Abilities, Weirdness & Mutations

You can breathe waves of freezing cold.
You can buffet flying creatures when you breathe cold.
Your icy white scales are hard (AC +6).
Your body does not fit into most forms of armour.
Your cold-blooded metabolism reacts poorly to cold.
Your flesh is cold resistant.
You have supernaturally acute eyesight.


Message History

The giant frog closely misses you.
Unknown command.
Your surroundings suddenly seem different.
Found 6 gold pieces.
A manticore and a mottled dragon come into view.
You see here 6 gold pieces.
Unknown command.
Unknown command.
Read which item? (? for menu, Esc to quit)
As you read the scroll of fear, it crumbles to dust.
You assume a fearsome visage.
The manticore looks frightened!
The mottled dragon looks frightened!
The manticore turns to fight!
The manticore flicks its tail!
The volley of spikes hits you!
* * * LOW HITPOINT WARNING * * *
Unknown command.
Read which item? (? for menu, Esc to quit)
As you read the scroll of teleportation, it crumbles to dust.
You feel strangely unstable.
The manticore flicks its tail!
The volley of spikes hits you!
You die...

. . .#
####'####
#........
+........
#.........
#@........
#.........
##'######
.# H. #..
#' ..


You could see a manticore.

Vanquished Creatures
  Pikel (D:8)
  An orc warrior (D:10)
  A slave (D:8)
  Blork the orc (D:8)
  2 giant frogs
  An eye of draining (D:9)
  2 crimson imps (D:8)
  2 hounds
  An iguana (D:5)
  An orc priest (D:5)
  2 orc wizards
  3 worker ants
  An ogre skeleton (D:8)
  A worm (D:8)
  3 gnolls (D:7)
  2 adders
  An iguana skeleton (D:6)
  A giant eyeball (D:4)
  11 orcs
  5 bats
  3 giant cockroaches
  6 goblins
  7 hobgoblins
  6 giant newts
  7 kobolds
  An orc skeleton (D:5)
  An orc zombie (D:6)
  2 quokkas
  6 rats
82 creatures vanquished.

Vanquished Creatures (collateral kills)
  An orc wizard (D:10)
  A kobold (D:8)
2 creatures vanquished.

Vanquished Creatures (others)
  2 slaves
  A sky beast (D:8)
  A worker ant (D:8)
  A hobgoblin (D:8)
5 creatures vanquished.

Grand Total: 89 creatures vanquished

Notes
Turn   | Place    | Note
--------------------------------------------------------------
     0 | D:1      | 4tharraofdagon, the Draconian Gladiator, began the quest for the Orb.
     0 | D:1      | Reached XP level 1. HP: 18/18 MP: 0/0
   199 | D:1      | Reached XP level 2. HP: 25/25 MP: 1/1
   453 | D:2      | Reached skill level 4 in Axes
   454 | D:2      | Reached XP level 3. HP: 28/30 MP: 2/2
   677 | D:5      | Entered Level 5 of the Dungeon
   677 | D:5      | Noticed Menkaure
   762 | D:4      | Noticed an ice beast
   807 | D:4      | Reached XP level 4. HP: 30/38 MP: 3/3
   994 | D:4      | Paralysed by a giant eyeball for 2 turns
  1065 | D:5      | Gained mutation: You have supernaturally acute eyesight. [potion of beneficial mutation]
  1078 | D:5      | Reached skill level 5 in Axes
  1113 | D:5      | Reached XP level 5. HP: 9/45 MP: 4/4
  1144 | D:6      | Noticed MirrMurr's ghost (average SpEn)
  1557 | D:7      | Noticed an orc warrior
  1620 | D:6      | Reached skill level 1 in Evocations
  1695 | D:6      | Reached XP level 6. HP: 35/52 MP: 6/6
  1780 | D:5      | Found a staircase to the Ecumenical Temple.
  1791 | Temple   | Entered the Ecumenical Temple
  1800 | Temple   | Became a worshipper of Makhleb the Destroyer
  1936 | D:7      | Reached skill level 6 in Axes
  2014 | D:8      | Noticed Pikel
  2029 | D:8      | Killed Pikel
  2029 | D:8      | Reached skill level 7 in Axes
  2029 | D:8      | Reached skill level 1 in Spellcasting
  2029 | D:8      | Your scales start taking on an icy white colour.
  2029 | D:8      | Gained mutation: Your flesh is cold resistant. [draconian maturity]
  2029 | D:8      | Reached XP level 7. HP: 30/59 MP: 6/9
  2154 | D:8      | Reached skill level 5 in Fighting
  2178 | D:8      | Noticed Blork the orc
  2179 | D:8      | Noticed a wyvern
  2188 | D:8      | Blork the orc (ally) was killed
  2188 | D:8      | Acquired Makhleb's first power
  2188 | D:8      | Your ally died
  2249 | D:7      | Noticed an ogre
  2308 | D:8      | Noticed a wyvern
  2449 | D:9      | Reached XP level 8. HP: 11/67 MP: 7/11
  2613 | D:10     | Entered Level 10 of the Dungeon
  2713 | D:11     | timbw: come
  2715 | D:11     | timbw: and watch me splat
  2761 | D:11     | timbw: maxwells is fun
  2763 | D:11     | 4tharraofdagon: you want these cmuts?
  2765 | D:11     | timbw: no thanks I like tele&zerk titties
  2768 | D:11     | Noticed an unseen horror
  2795 | D:11     | timbw: I knew from like d5 that I wouldnt find cmut or rmut on this char
  2800 | D:11     | timbw: because I found preservation cloak
  2807 | D:11     | Found Siach's General Store.
  2815 | D:11     | HP: 3/67 [manticore/volley of spikes (7)]
  2816 | D:11     | Killed from afar by a manticore

Action                   |  1- 3 |  4- 6 |  7- 9 || total
-------------------------+-------+-------+-------++-------
Melee: Hand axe          |    89 |   144 |   119 ||   352
Throw: Throwing net      |    12 |     4 |       ||    16
       Dart              |       |       |     1 ||     1
Evoke: Wand              |     1 |     5 |    10 ||    16
  Use: Potion            |     1 |     6 |     2 ||     9
       Scroll            |       |     1 |    19 ||    20
 Stab: Held in net/web   |     2 |     1 |       ||     3
       Distracted        |       |     1 |       ||     1
